 Dungeon Crawl Stone Soup version 0.24.0-123-gd5b16e6ec5 (webtiles) character file.

Game seed: 305639643405572918, levelgen mode: deterministic

147331 Peloso the Fencer (level 16, -8/152 HPs)
             Began as a Minotaur Fighter on Jan 16, 2020.
             Was the Champion of Okawaru.
             Blown up by an orb spider (33 damage)
             ... with a wavering orb of destruction
             ... on level 3 of the Spider Nest.
             The game lasted 01:27:30 (33524 turns).

Peloso the Fencer (Minotaur Fighter)               Turns: 33524, Time: 01:27:30

Health: -8/152     AC: 30    Str: 25 (26) XL:     16   Next: 91%
Magic:  3/16       EV: 11    Int:  4 (5)  God:    Okawaru [******]
Gold:   2839       SH: 10    Dex: 11 (12) Spells: 15/15 levels left

rFire    . . .     SeeInvis .   a - +9 double sword (elec)
rCold    . . .     Gourm    .   c - +2 buckler {reflect}
rNeg     . . .     Faith    +   C - +1 plate armour {MR+}
rPois    .         Spirit   .   Y - +2 hat {MR+}
rElec    .         Reflect  +   U - +2 cloak
rCorr    .         Harm     .   u - +2 pair of gloves
MR       +++..                  T - +0 pair of boots {Fly}
Stlth    ..........             E - amulet of faith
HPRegen  0.35/turn              N - ring of Shadows {Umbra +Inv Stlth+}
MPRegen  0.15/turn              I - +4 ring of slaying

@: flying, wreathed by umbra
A: retaliatory headbutt, horns 2
a: Heroism, Finesse, Renounce Religion, Evoke Invisibility, Stop Flying


You were on level 3 of the Spider Nest.
You worshipped Okawaru.
Okawaru was exalted by your worship.
You were hungry.

You visited 5 branches of the dungeon, and saw 27 of its levels.
You also visited: Gauntlet, Ice Cave and Volcano.

You collected 4094 gold pieces.
You spent 1255 gold pieces at shops.

Inventory:

Hand Weapons
 a - a +9 double sword of electrocution (weapon)
 b - the +6 demon blade "Bofi" {vamp, rElec rPois Stlth+}
   (Okawaru gifted it to you on level 13 of the Dungeon)

   It inflicts no extra harm, but heals its wielder when it wounds a living foe.
   It insulates you from electricity.
   It protects you from poison.
   It makes you more stealthy.
 w - the +5 long sword of Xuaruass {slice, rElec Dex+3 SInv}
   (You found it on level 10 of the Dungeon)

   It inflicts extra damage upon your enemies.
   It affects your dexterity (+3).
   It insulates you from electricity.
   It lets you see invisible.
 K - a +1 demon blade of flaming
Armour
 c - a +2 buckler of reflection (worn)
 u - a +2 pair of gloves (worn)
 C - a +1 plate armour of magic resistance (worn)
 T - a +0 pair of boots of flying (worn)
 U - a +2 cloak (worn)
 Y - a +2 hat of magic resistance (worn)
Jewellery
 n - an uncursed ring of protection from magic {unknown}
 r - an uncursed ring of resist corrosion
 A - an uncursed ring of stealth {unknown}
 B - an uncursed ring of protection from cold
 E - an amulet of faith (around neck)
 F - the ring of Saug {rN+ Dex+2}
   (You found it on level 5 of the Lair of Beasts)

   [ring of positive energy]

   It affects your dexterity (+2).
   It protects you from negative energy.
 G - the ring of Paiwas {+Fly rF+ Int+4 Slay-5}
   (You found it in a Gauntlet)

   [ring of flight]

   It affects your intelligence (+4).
   It affects your accuracy and damage with ranged weapons and melee attacks
   (-5).
   It protects you from fire.
   It lets you fly.
 I - a +4 ring of slaying (right hand)
 L - an uncursed ring of poison resistance
 N - the ring of Shadows (left hand) {Umbra +Inv Stlth+}
   (You found it on level 1 of the Lair of Beasts)

   [ring of stealth]

   It lets you turn invisible.
   It makes you more stealthy.
 Z - an uncursed ring of protection from fire
Wands
 e - a wand of iceblast (15)
 o - a wand of polymorph (11)
 z - a wand of paralysis (10)
 O - a wand of enslavement (38)
Scrolls
 j - 2 scrolls of identify
 k - 4 scrolls of amnesia
 m - 5 scrolls of fear
 q - 2 scrolls of blinking
 s - 3 scrolls of magic mapping
 v - a scroll of noise
 y - 11 scrolls of remove curse
 D - 4 scrolls of fog
 M - 4 scrolls of teleportation
Potions
 d - 6 potions of might
 g - 3 potions of flight
 h - 5 potions of curing
 i - 5 potions of haste
 l - 2 potions of heal wounds
 p - a potion of invisibility
 t - a potion of ambrosia
 x - 3 potions of berserk rage
 Q - 3 potions of agility
 S - 3 potions of resistance
Comestibles
 f - 44 rations


   Skills:
 + Level 16.3 Fighting
 + Level 18.9 Long Blades
 + Level 17.1 Armour
 + Level 6.7 Dodging
 + Level 2.5 Stealth
 + Level 17.1 Shields
 + Level 2.0 Invocations
 + Level 0.5 Evocations


You had 15 spell levels left.
You didn't know any spells.
Your spell library contained the following spells:

 Spells                   Type           Power        Failure   Level  Hunger
 Apportation              Tloc           #.....       98%         1    ##.....
 Confusing Touch          Hex            #.....       98%         1    ##.....
 Corona                   Hex            #......      98%         1    ##.....
 Freeze                   Ice            #...         98%         1    ##.....
 Magic Dart               Conj           #...         98%         1    ##.....
 Summon Butterflies       Summ           #.......     98%         1    ##.....
 Blink                    Tloc           N/A          99%         2    ###....
 Call Imp                 Summ           #.......     99%         2    ###....
 Corpse Rot               Necr           N/A          99%         2    ###....
 Passwall                 Tmut/Erth      #.......     99%         2    ###....
 Poisonous Vapours        Pois/Air       #.....       99%         2    ###....
 Slow                     Hex            #.......     99%         2    ###....
 Sublimation of Blood     Necr           #.........   99%         2    ###....
 Swiftness                Chrm/Air       #.......     99%         2    ###....
 Throw Frost              Conj/Ice       #.....       99%         2    ###....
 Confuse                  Hex            #.......     100%        3    ####...
 Conjure Flame            Conj/Fire      #.......     100%        3    ####...
 Gell's Gravitas          Tloc           #.........   100%        3    ####...
 Ignite Poison            Fire/Tmut/Pois #.......     100%        3    ####...
 Inner Flame              Hex/Fire       #.......     100%        3    ####...
 Lesser Beckoning         Tloc           #.........   100%        3    ####...
 Mephitic Cloud           Conj/Pois/Air  #.......     100%        3    ####...
 Ozocubu's Armour         Chrm/Ice       #.......     100%        3    ####...
 Portal Projectile        Hex/Tloc       #.....       100%        3    ####...
 Tukima's Dance           Hex            #.......     100%        3    ####...
 Cause Fear               Hex            #.........   100%        4    #####..
 Ice Form                 Ice/Tmut       #.......     100%        4    #####..
 Leda's Liquefaction      Hex/Erth       #.........   100%        4    #####..
 Passage of Golubria      Tloc           N/A          100%        4    #####..
 Petrify                  Tmut/Erth      #.......     100%        4    #####..
 Summon Ice Beast         Ice/Summ       #.......     100%        4    #####..
 Throw Icicle             Conj/Ice       #.......     100%        4    #####..
 Agony                    Necr           #.......     100%        5    ######.
 Alistair's Intoxication  Tmut/Pois      #.......     100%        5    ######.
 Bolt of Draining         Conj/Necr      #.........   100%        5    ######.
 Bolt of Magma            Conj/Fire/Erth #.........   100%        5    ######.
 Dispel Undead            Necr           #.......     100%        5    ######.
 Excruciating Wounds      Chrm/Necr      #.........   100%        5    ######.
 Fireball                 Conj/Fire      #.........   100%        5    ######.
 Lee's Rapid Deconstruct  Erth           #.........   100%        5    ######.
 Metabolic Englaciation   Hex/Ice        #.........   100%        5    ######.
 Yara's Violent Unravell  Hex/Tmut       #.........   100%        5    ######.
 Bolt of Cold             Conj/Ice       #.........   100%        6    #######
 Bolt of Fire             Conj/Fire      #.........   100%        6    #######
 Darkness                 Hex            #.........   100%        6    #######
 Freezing Cloud           Conj/Ice/Air   #.........   100%        6    #######
 Invisibility             Hex            #.......     100%        6    #######
 Iron Shot                Conj/Erth      #.........   100%        6    #######
 Ozocubu's Refrigeration  Ice            #.........   100%        6    #######
 Simulacrum               Ice/Necr       #.........   100%        6    #######
 Statue Form              Tmut/Erth      #........    100%        6    #######
 Ring of Flames           Chrm/Fire      #.........   100%        7    #######
 Ignition                 Fire           #.........   100%        8    #######
 Shatter                  Erth           #.........   100%        9    #######


Dungeon Overview and Level Annotations

Branches:
Dungeon (15/15)            Temple (1/1) D:4            Lair (6/6) D:11
 Shoals (0/4) Lair:4       Spider (3/4) Lair:4        Slime (0/5) Lair:5
    Orc (2/2) D:12            Elf (0/3) Orc:2        Vaults (0/5) D:14
 Depths (0/5) D:15          IceCv (visited)         Volcano (visited)
Gauntlet (visited)

Altars:
Ashenzari
Cheibriados
Dithmenos
Elyvilon
Gozag
Hepliaklqana
Makhleb
Okawaru
Qazlal
Sif Muna
Trog
Uskayaw
Vehumet
Xom
Zin
The Shining One
Beogh
Jiyva

Shops:
D:10 (=(   D:11 :(   Orc:2 [*(:*

Portals:
Hell: Lair:6
Trove: D:12 (show slimy rune of Zot)


Innate Abilities, Weirdness & Mutations

You reflexively headbutt those who attack you in melee.
You have a pair of horns on your head.


Message History

Unknown command.
You closely miss the orb spider.
Unknown command.
The orb spider weaves a glowing orb of energy.
An orb of destruction comes into view.
You miss the orb spider. You headbutt the orb spider!
The orb spider is moderately wounded.
You slice the orb spider!!
The orb spider is severely wounded.
The orb spider begins to weave its threads into a brightly glowing ball.
You barely miss the orb spider. Your headbutt misses the orb spider.
The orb spider is severely wounded.
You closely miss the orb spider. Your headbutt misses the orb spider.
The orb spider is severely wounded.
The orb of destruction hits a rock wall.
The orb spider weaves a glowing orb of energy.
An orb of destruction comes into view.
The orb spider pulsates with a strange energy.
The wavering orb of destruction hits you!!
You die...

... #...............#
#.. ##...†............
# #.##....†............
#.##...........#.......
.............^.........
..........^............
................#..≈...
...............☼s..^...
...............@..#...
...^...............#
....##...........###
.... ##....†††#..# ..
#.....:.##≈# .........#
## ..>......##
....^....# ..#.....#


You could see an orb spider.

Vanquished Creatures
  Gastronok (Lair:2)
  An azure jelly (Lair:5)
  Roxanne (Spider:3)
  A ghost moth (Spider:3)
  A frost giant (IceCv)
  An orc warlord (Orc:2)
  An emperor scorpion (Spider:2)
  3 entropy weavers
  A dire elephant (Lair:6)
  Azrael (Orc:2)
  A spark wasp (Spider:2)
  A minotaur (Gauntlet)
  A fire dragon (D:15)
  A rakshasa (D:13)
  A catoblepas (Lair:6)
  Erolcha (Orc:2)
  An ice dragon (D:15)
  6 hydras
  3 centaur warriors
  A dancing weapon (Volcano)
  A queen ant (Spider:3)
  12 two-headed ogres
  An ogre mage (D:14)
  3 death yaks
  2 orc high priests
  A tengu warrior (D:15)
  The ghost of Emblim88 the Ruffian, a novice TrVM of Qazlal (D:7)
  Sonja (D:11)
  Nergalle (D:11)
  A sun demon (Lair:6)
  5 skeletal warriors
  3 unseen horrors
  7 wizards
  5 orc knights
  9 orb spiders
  4 wolf spiders
  A cyclops (D:14)
  An orange crystal statue (D:10)
  An oklob plant (Lair:1)
  2 manticores
  2 orc sorcerers (Orc:2)
  A moth of wrath (Spider:3)
  16 ugly things
  Maurice (Orc:2)
  5 toenail golems (Volcano)
  5 black mambas
  6 elephants (Lair:6)
  An ice statue (IceCv)
  A smoke demon (Lair:6)
  3 centaur zombies
  2 orange demons (Lair:6)
  2 gargoyles
  2 torpor snails
  16 spiny frogs
  9 rime drakes
  A demonic crawler (Spider:1)
  2 tengu conjurers (D:15)
  A redback zombie (D:15)
  11 komodo dragons
  2 ice devils (Lair:6)
  20 polar bears
  A queen bee (D:9)
  7 trolls
  3 meliai (Gauntlet)
  A red devil (Lair:6)
  5 jumping spiders
  2 hornets
  16 blink frogs
  Prince Ribbit (Lair:2)
  14 slime creatures
  A snapping turtle (Lair:4)
  11 dream sheep
  A meliai zombie (D:14)
  9 hippogriffs
  2 shadows
  55 yaks
  A vampire (D:13)
  26 redbacks
  2 basilisks
  7 tarantellas
  A wraith (D:12)
  5 hungry ghosts
  Eustachio (D:6)
  6 fire elementals (Orc:2)
  2 wyverns
  10 wargs
  2 insubstantial wisps (D:11)
  3 steam dragons
  23 soldier ants
  10 water moccasins
  A water moccasin (shapeshifter) (D:15)
  9 hell hounds
  4 porcupines (Lair:2)
  36 orc warriors
  9 sky beasts
  2 phantoms
  A black bear (D:11)
  3 necrophages
  6 ice beasts
  13 ogres
  27 wolves
  8 centaurs
  16 crocodiles
  2 big kobolds
  14 bullfrogs
  3 gnoll sergeants
  5 scorpions
  12 killer bees (D:9)
  4 wights (D:6)
  6 electric eels
  3 howler monkeys
  8 crimson imps
  10 hounds
  22 orc priests
  A gnoll shaman (Orc:2)
  3 jellies
  3 bullfrog skeletons
  5 centaur skeletons
  3 iguanas
  41 orc wizards
  21 worker ants
  3 hound skeletons
  12 adders
  18 gnolls
  2 shadow imps
  An ooze (D:6)
  A worm (D:6)
  3 adder skeletons
  2 dart slugs (D:2)
  4 leopard geckos
  113 orcs
  12 giant cockroaches
  8 goblins
  13 hobgoblins
  11 jackals
  16 kobolds
  6 quokkas
  3 ball pythons
  3 bats
  10 frilled lizards
  2 jackal zombies
  A leopard gecko skeleton (D:7)
  A quokka skeleton (D:4)
  10 rats
  A fungus (Lair:1)
  3 plants
988 creatures vanquished.

Vanquished Creatures (others)
  Arachne (Spider:3)
  An unseen horror (D:15)
  A deep elf mage (D:15)
  A wizard (D:5)
  A yak (Lair:6)
  A centaur (D:13)
  2 orcs
  A kobold (D:12)
9 creatures vanquished.

Grand Total: 997 creatures vanquished

Notes
Turn   | Place    | Note
-------+----------+-------------------------------------------
     0 | D:1      | Peloso the Minotaur Fighter began the quest for the Orb.
     0 | D:1      | Reached XP level 1. HP: 19/19 MP: 0/0
   193 | D:1      | Reached XP level 2. HP: 27/27 MP: 1/1
   786 | D:2      | Reached skill level 3 in Long Blades
   795 | D:2      | Reached XP level 3. HP: 11/33 MP: 2/2
  1043 | D:2      | Reached XP level 4. HP: 40/40 MP: 3/3
  1695 | D:3      | Found a snail-covered altar of Cheibriados.
  1695 | D:3      | Found an opulent altar of Gozag.
  1700 | D:3      | Found a shimmering blue altar of Sif Muna.
  1753 | D:3      | Reached skill level 4 in Long Blades
  1758 | D:3      | Reached XP level 5. HP: 28/47 MP: 4/4
  2024 | D:3      | Reached skill level 5 in Armour
  2369 | D:3      | Reached skill level 5 in Long Blades
  2369 | D:3      | Reached skill level 5 in Shields
  2369 | D:3      | Reached XP level 6. HP: 48/53 MP: 5/5
  2688 | D:3      | Found a faded altar of an unknown god.
  2992 | D:4      | Found a staircase to the Ecumenical Temple.
  3004 | Temple   | Entered the Ecumenical Temple
  3040 | Temple   | Became a worshipper of Warmaster Okawaru
  3098 | D:4      | Reached skill level 1 in Dodging
  3267 | D:4      | Reached skill level 6 in Long Blades
  3267 | D:4      | Reached XP level 7. HP: 20/60 MP: 6/6
  3843 | D:5      | Entered Level 5 of the Dungeon
  3972 | D:5      | Reached * piety under Okawaru
  3972 | D:5      | Reached skill level 5 in Fighting
  4277 | D:5      | Found a shattered altar of Ashenzari.
  4494 | D:5      | Reached skill level 7 in Long Blades
  4596 | D:5      | Found a bloodstained altar of Trog.
  4597 | D:5      | Noticed a wizard
  4602 | D:5      | Killed a wizard
  4976 | D:6      | Reached XP level 8. HP: 36/68 MP: 7/7
  4994 | D:6      | Noticed a hippogriff
  5000 | D:6      | Killed a hippogriff
  5390 | D:6      | Noticed Eustachio
  5403 | D:6      | Reached skill level 8 in Long Blades
  5409 | D:6      | Killed Eustachio
  5409 | D:6      | Reached ** piety under Okawaru
  6085 | D:7      | Noticed a hippogriff
  6095 | D:6      | Killed a hippogriff
  6095 | D:6      | Reached skill level 9 in Long Blades
  6095 | D:6      | Reached XP level 9. HP: 75/75 MP: 8/8
  6144 | D:7      | Reached *** piety under Okawaru
  6148 | D:7      | Noticed Emblim88's ghost (novice TrVM)
  6150 | D:7      | Identified the +5 dire flail of Izaetwal {flame, *Noise
                  | MR++}
  6150 | D:7      | Noticed a two-headed ogre
  6151 | D:7      | Found a transporter.
  6740 | D:8      | Noticed a two-headed ogre
  6755 | D:8      | Killed a two-headed ogre
  6755 | D:8      | Reached skill level 1 in Stealth
  7110 | D:8      | Reached skill level 10 in Long Blades
  8273 | D:9      | Killed an unseen horror
  8273 | D:9      | Reached **** piety under Okawaru
  8273 | D:9      | Reached XP level 10. HP: 45/86 MP: 6/9
  8926 | D:9      | Reached skill level 10 in Armour
  9187 | D:9      | Reached skill level 11 in Long Blades
  9269 | D:9      | Found a glowing golden altar of the Shining One.
  9286 | D:9      | Found a shimmering altar of Xom.
  9328 | D:9      | Reached ***** piety under Okawaru
  9820 | D:10     | Entered Level 10 of the Dungeon
  9838 | D:10     | Noticed a two-headed ogre
  9858 | D:10     | Killed a two-headed ogre
  9858 | D:10     | Received a gift from Okawaru
  9888 | D:10     | Reached skill level 10 in Shields
  9888 | D:10     | Reached XP level 11. HP: 24/94 MP: 1/10
 10191 | D:10     | Found Esiq Etoko's Weapon Shop.
 10459 | D:10     | Found Zoihoucw's Weapon Shop.
 10503 | D:10     | Bought a +1 scimitar of flaming for 241 gold pieces
 10560 | D:10     | Found Pyliz's Jewellery Boutique.
 10704 | D:10     | Noticed an orange crystal statue
 10725 | D:10     | Noticed a two-headed ogre
 10736 | D:10     | Killed a two-headed ogre
 11271 | D:11     | Noticed a cyan ugly thing
 11292 | D:11     | Killed a cyan ugly thing
 11385 | D:11     | Reached skill level 12 in Long Blades
 11786 | D:11     | Found a staircase to the Lair.
 11875 | D:11     | Found Fann's Book Boutique.
 11887 | D:11     | Found Cufiqael's Weapon Emporium.
 12000 | D:11     | Noticed a red ugly thing
 12011 | D:11     | Killed a red ugly thing
 12644 | D:11     | Noticed Sonja
 12659 | D:11     | Killed Sonja
 12659 | D:11     | Received a gift from Okawaru
 12659 | D:11     | Reached skill level 13 in Long Blades
 12717 | D:11     | Killed an unseen horror
 12728 | D:11     | Noticed Nergalle
 12739 | D:11     | Killed Nergalle
 13038 | Lair:1   | Entered Level 1 of the Lair of Beasts
 13038 | Lair:1   | Found the ring of Shadows {Umbra +Inv Stlth+}
 13125 | Lair:1   | Received a gift from Okawaru
 13251 | Lair:1   | Found a frozen archway.
 13259 | Lair:1   | Reached XP level 12. HP: 45/104 MP: 6/11
 13405 | IceCv    | Entered an ice cave
 13489 | IceCv    | Reached skill level 5 in Dodging
 13664 | IceCv    | Reached skill level 14 in Long Blades
 14121 | IceCv    | Reached skill level 10 in Fighting
 14178 | IceCv    | Noticed a death yak
 14178 | IceCv    | Noticed a frost giant
 14188 | IceCv    | Killed a death yak
 14206 | IceCv    | Killed a frost giant
 14206 | IceCv    | Received a gift from Okawaru
 14206 | IceCv    | Reached ****** piety under Okawaru
 14206 | IceCv    | Reached skill level 1 in Invocations
 15154 | Lair:1   | Reached XP level 13. HP: 114/114 MP: 12/12
 15574 | Lair:2   | Found a dark tunnel.
 15581 | Volcano  | Entered a volcano
 15589 | Volcano  | Received a gift from Okawaru
 15766 | Volcano  | Reached skill level 15 in Long Blades
 16144 | Lair:2   | Identified a scroll of acquirement
 16367 | Lair:2   | Noticed Prince Ribbit
 16372 | Lair:2   | Killed Prince Ribbit
 16385 | Lair:2   | Received a gift from Okawaru
 16805 | Lair:2   | Noticed Gastronok
 16817 | Lair:2   | Killed Gastronok
 17244 | D:7      | Found a transporter.
 17254 | D:7      | Killed Emblim88's ghost
 17449 | D:10     | Got a polished long sword
 17450 | D:10     | Identified the +5 long sword of Xuaruass {slice, rElec
                  | Dex+3 SInv} (You found it on level 10 of the Dungeon)
 18004 | D:12     | Reached skill level 16 in Long Blades
 18124 | D:12     | Found a staircase to the Orcish Mines.
 18381 | D:12     | Found a portal to a secret trove of treasure.
 18469 | D:12     | Reached XP level 14. HP: 124/127 MP: 13/13
 18979 | D:13     | Received a gift from Okawaru
 18985 | D:13     | Got a crystal demon blade {god gift}
 18986 | D:13     | Identified the +6 demon blade "Bofi" {vamp, rElec rPois
                  | Stlth+} (Okawaru gifted it to you on level 13 of the
                  | Dungeon)
 20053 | Orc:1    | Entered Level 1 of the Orcish Mines
 20368 | Orc:2    | Entered Level 2 of the Orcish Mines
 20405 | Orc:2    | Paralysed by an orc sorcerer for 4 turns
 20543 | Orc:2    | Found a roughly hewn altar of Beogh.
 20544 | Orc:2    | Noticed an orc warlord
 20575 | Orc:2    | Killed an orc warlord
 20774 | Orc:2    | Found Feotioli's Book Boutique.
 20827 | Orc:2    | Noticed Azrael
 20851 | Orc:2    | Received a gift from Okawaru
 20853 | Orc:2    | Killed Azrael
 21006 | Orc:2    | Found Elog's Eclectic Emporium.
 21024 | Orc:2    | Bought a potion of experience for 700 gold pieces
 21024 | Orc:2    | Bought a scroll of enchant weapon for 105 gold pieces
 21024 | Orc:2    | Bought a scroll of enchant armour for 105 gold pieces
 21138 | Orc:2    | Noticed Maurice
 21140 | Orc:2    | Paralysed by something for 4 turns
 21446 | Orc:2    | Noticed Erolcha
 21458 | Orc:2    | Killed Erolcha
 21458 | Orc:2    | Reached skill level 17 in Long Blades
 21554 | Orc:2    | Found Pepuximi's Antique Armour Boutique.
 21576 | Orc:2    | Found Naxef's Antique Weapon Boutique.
 21590 | Orc:2    | Found Vinibain's General Store.
 21598 | Orc:2    | Bought a potion of mutation for 104 gold pieces
 21783 | Orc:2    | Paralysed by Maurice for 7 turns
 21797 | Orc:2    | Killed Maurice
 21909 | Orc:2    | Found a staircase to the Elven Halls.
 23069 | D:14     | Found a gate to the Vaults.
 23357 | D:14     | Received a gift from Okawaru
 23368 | D:14     | Got a shimmering long sword {god gift}
 23369 | D:14     | Identified the +5 long sword of Uxkadawn {freeze, rC+ rN+}
                  | (Okawaru gifted it to you on level 14 of the Dungeon)
 23598 | D:15     | Entered Level 15 of the Dungeon
 23598 | D:15     | Found a glowing golden altar of the Shining One.
 23802 | D:14     | Reached XP level 15. HP: 138/138 MP: 14/14
 23876 | D:14     | Reached skill level 15 in Armour
 23876 | D:14     | Reached skill level 15 in Shields
 24115 | D:15     | Received a gift from Okawaru
 24689 | D:15     | Found a staircase to the Depths.
 26700 | Lair:4   | Found a staircase to the Shoals.
 26811 | Lair:4   | Received a gift from Okawaru
 26993 | Lair:4   | Reached skill level 18 in Long Blades
 27004 | Lair:4   | Reached skill level 15 in Fighting
 27070 | Lair:4   | Found a hole to the Spider Nest.
 27558 | Lair:5   | Got a scorched wooden ring
 27560 | Lair:5   | Identified the ring of Saug {rN+ Dex+2} (You found it on
                  | level 5 of the Lair of Beasts)
 27745 | Lair:5   | Received a gift from Okawaru
 28079 | Lair:5   | Found a runed translucent door.
 28079 | Lair:5   | Found a viscous altar of Jiyva.
 28079 | Lair:5   | Noticed an azure jelly
 28080 | Lair:5   | Found a staircase to the Slime Pits.
 28091 | Lair:5   | Killed an azure jelly
 28533 | Lair:6   | Entered Level 6 of the Lair of Beasts
 28555 | Lair:6   | Reached XP level 16. HP: 107/149 MP: 15/15
 28585 | Lair:6   | Found a gate leading to a gauntlet.
 28595 | Gauntlet | Entered a Gauntlet
 28595 | Gauntlet | Found a transporter.
 28604 | Gauntlet | Found a transporter.
 28605 | Gauntlet | Found a transporter.
 28608 | Gauntlet | Found a transporter.
 28609 | Gauntlet | Found a transporter.
 28610 | Gauntlet | Found a transporter.
 28622 | Gauntlet | Found a transporter.
 28638 | Gauntlet | Found a transporter.
 28655 | Gauntlet | Found a transporter.
 28655 | Gauntlet | Found a transporter.
 28659 | Gauntlet | Found a transporter.
 28725 | Gauntlet | Found a transporter.
 28810 | Gauntlet | Got a twisted hat
 28821 | Gauntlet | Identified the +0 hat of Kent {+Blink} (You found it in a
                  | Gauntlet)
 28822 | Gauntlet | Got a bound iron ring
 28824 | Gauntlet | Identified the ring of Paiwas {+Fly rF+ Int+4 Slay-5} (You
                  | found it in a Gauntlet)
 30109 | Lair:6   | Received a gift from Okawaru
 30115 | Lair:6   | Found a burning altar of Makhleb.
 30167 | Lair:6   | HP: 3/150 [smoke demon/divine providence (11)]
 30509 | Lair:6   | Found a gateway to Hell.
 31223 | Spider:1 | Entered Level 1 of the Spider Nest
 32506 | Spider:2 | Received a gift from Okawaru
 33068 | Spider:3 | Noticed Arachne
 33092 | Spider:3 | Killed Arachne
 33476 | Spider:3 | Noticed Roxanne
 33492 | Spider:3 | Killed Roxanne
 33524 | Spider:3 | Blown up by an orb spider

Levels and vault maps discovered:
D:1:      denvon_arrival_planthouse, layout_loops_ring
D:2:      layout_loops_ring, minmay_distorted
D:3:      cheibrodos_thug_alley, layout_basic, minitemple,
          chequers_ecumenical_altar_lobes, kennysheep_generic_room_8
D:4:      layout_loops_ring, minmay_temple_entry_ruins,
          minmay_a_box_with_orc_wizards_in_it
D:5:      layout_loops_ring, ashenzari_altar_1, first_ration,
          grunt_ministairs_3, trog_wizard
D:6:      layout_loops_ring, uniq_eustachio
D:7:      layout_rooms, gammafunk_ghost_smash, roderic_lattice_a
D:8:      layout_layer_cave
D:9:      kennysheep_spiral_hall, layout_basic,
          chequers_temple_overflow_statue_of_worship, david_nohive_1
D:10:     layout_grid_maze, serial_shops, kennysheep_little_box, shop, shop,
          minivault_15
D:11:     layout_stronghold, erik_lair_orcish_takeover, serial_shops,
          nicolae_shop_stone, shop, kennysheep_path_1, hangedman_misty_isle,
          uniq_nergalle, uniq_sonja
D:12:     layout_rooms, hiddenorc2_lemuel, enter_trove_2
D:13:     layout_stronghold
D:14:     layout_long_grid, david_vaults_1, minmay_misc_feat_secret_circle
D:15:     grunt_enter_depths_hoard, layout_rooms, basic_altar
Temple:   eino_temple_rhombus
Lair:1:   layout_cave_pods, portal_ice_cave_rime, hibernation_bobbens,
          minmay_lair_oklob_chamber
Lair:2:   layout_gridlike, enter_volcano_3, eino_small_chamber_without_monster,
          serial_bayou_lake_a, lemuel_fruit_fields, uniq_prince_ribbit2,
          uniq_gastronok
Lair:3:   cheibrodos_lair_river_kwai, layout_regular_city, grunt_megastairs_5,
          lemuel_fruit_tree, serial_bayou_shore_b
Lair:4:   statuecave_lemuel, layout_cave_pods, minmay_shoals_entry_hut,
          spider_nest_entry_webs, beast_lair_carwin_3
Lair:5:   layout_gridlike, slime_altar_2, grunt_megastairs_4,
          serial_bayou_shore_a
Lair:6:   evil_forest, layout_regular_city, gauntlet_entry_generic,
          chequers_serial_rivers_micro_a, patterned_corridor, grunt_megastairs_2
Spider:1: layout_spider_delve
Spider:2: layout_spider_delve, nicolae_orb_island
Spider:3: layout_spider_delve, minivault_29, uniq_arachne, uniq_roxanne
Orc:1:    layout_caves, nooodl_orcs_dogs
Orc:2:    grunt_orc_cross, layout_caves, nicolae_alphabet_shops, uniq_maurice,
          uniq_erolcha, uniq_azrael

Skill      XL: |  1  2  3  4  5  6  7  8  9 10 11 12 13 14 15 16 |
---------------+-------------------------------------------------+-----
Fighting       | 4 5 6 7 8 9 10 12 14 15 16 | 16.3
Long Blades    | 3 4 5 6 7 9 10 11 13 14 16 17 18 | 18.9
Shields        | 4 5 6 7 8 10 11 12 13 14 16 17 | 17.1
Armour         | 4 5 6 7 9 10 11 13 14 16 17 | 17.1
Dodging        | 1 2 4 5 6 |  6.7
Stealth        | 1 2 |  2.5
Invocations    | 1 2 |  2.0
Evocations     | |  0.5

Action                   |  1- 3 |  4- 6 |  7- 9 | 10-12 | 13-15 | 16-18 || total
-------------------------+-------+-------+-------+-------+-------+-------++-------
Melee: Long sword        |    79 |   206 |   308 |   252 |       |       ||   845
       Headbutt          |    11 |    39 |    71 |   168 |   348 |   109 ||   746
       Scimitar          |       |       |       |   478 |    25 |       ||   503
       Demon blade       |       |       |       |    33 |   765 |       ||   798
       Double sword      |       |       |       |       |   476 |   402 ||   878
Invok: Heroism           |       |       |     1 |     6 |     7 |     4 ||    18
Evoke: Wand              |       |       |       |     1 |       |       ||     1
  Use: Potion            |     2 |       |       |     4 |     3 |     5 ||    14
       Scroll            |       |       |    10 |     6 |    18 |     9 ||    43
 Stab: Paralysed         |       |       |       |     2 |       |       ||     2
  Eat: Chunk             |       |     8 |     9 |    19 |    38 |     7 ||    81
       Ration            |       |       |     2 |     3 |     3 |     2 ||    10
Armor: Scale mail        |    48 |     3 |       |       |       |       ||    51
       Chain mail        |       |   128 |   165 |   143 |   320 |       ||   756
       Plate armour      |       |       |       |   251 |   314 |   266 ||   831
Dodge: Dodged            |    29 |    59 |    82 |   221 |   592 |   202 ||  1185
Block: Shield            |    35 |   145 |   182 |   343 |       |       ||   705
       Buckler           |       |       |       |   121 |   538 |   235 ||   894
       Reflection        |       |       |       |       |    29 |     4 ||    33
       Rpst.: Long sword |     7 |    10 |    25 |    17 |       |       ||    59
       Scimitar          |       |       |       |    27 |     1 |       ||    28
       Double sword      |       |       |       |       |    60 |    45 ||   105
       Demon blade       |       |       |       |       |    78 |       ||    78
